 Dungeon Crawl Stone Soup version 0.29-a0-506-ga2e7fffb44 (webtiles) character file.

Game seed: 13201674842732295239

254 AtlasWard the Slasher (level 5, 12/48 HPs)
             Began as a Minotaur Berserker on May 27, 2022.
             Was a Believer of Trog.
             Quit the game on level 5 of the Dungeon on May 28, 2022.
             The game lasted 00:08:28 (2767 turns).

AtlasWard the Slasher (Minotaur Berserker)          Turns: 2767, Time: 00:08:29

Health: 12/48      AC:  8    Str: 24    XL:     5   Next: 91%
Magic:  4/4        EV:  9    Int:  4    God:    Trog [**....]
Gold:   258        SH:  0    Dex:  9    Spells: 4/4 levels left

rFire   . . .      SeeInvis .   a - +0 falchion
rCold   . . .      Faith    .   (no shield)
rNeg    . . .      Spirit   .   m - +0 chain mail
rPois   .          Reflect  .   (helmet restricted)
rElec   .          Harm     .   (no cloak)
rCorr   +          Rampage  .   (no gloves)
Will    .....                   (no boots)
Stlth   ..........              (no amulet)
HPRegen 0.16/turn               k - ring of resist corrosion
MPRegen 0.09/turn               (no ring)

@: no status effects
A: horns 2, retaliatory headbutt
a: Renounce Religion, Berserk, Trog's Hand


You were on level 5 of the Dungeon.
You worshipped Trog.
Trog was pleased with you.
You visited 1 branch of the dungeon, and saw 5 of its levels.

You collected 258 gold pieces.

Inventory:

Hand Weapons
 a - a +0 falchion (weapon)
 e - a +1 flail of draining
Missiles
 j - 112 stones (quivered)
Armour
 l - a +0 scale mail
 m - a +0 chain mail (worn)
Jewellery
 k - a ring of resist corrosion (left hand)
 o - a ring of magical power
Scrolls
 b - 3 scrolls of identify {unknown}
 d - 2 scrolls of enchant armour {unknown}
 n - a scroll of poison {unknown}
 p - a scroll of magic mapping {unknown}
 q - a scroll of teleportation {unknown}
Potions
 c - 4 potions of heal wounds {unknown}
 f - a potion of lignification {unknown}
 g - 2 potions of mutation {unknown}
 h - a potion of curing {unknown}
 i - 2 potions of flight {unknown}
 r - a potion of invisibility {unknown}
 s - a potion of brilliance {unknown}
 t - a potion of attraction {unknown}


   Skills:
 + Level 5.0 Fighting
 * Level 6.2 Long Blades
 - Level 2.4 Armour
 + Level 3.8 Dodging


You had 4 spell levels left.
You didn't know any spells.
Your spell library was empty.

Dungeon Overview and Level Annotations

Branches:
Dungeon (5/15)
 Temple: D:4-7

Altars:
Yredelemnul


Innate Abilities, Weirdness & Mutations

You have a pair of horns on your head.
You reflexively headbutt those who attack you in melee.


Message History

The gnoll barely misses you.
The gnoll shaman hits you with a +0 club.
You hit the gnoll shaman but do no damage.
The gnoll shaman is almost dead.
The gnoll closely misses you. The gnoll shaman closely misses you.
You closely miss the gnoll shaman.
The gnoll shaman is almost dead.
The gnoll barely misses you.
The gnoll shaman mumbles some strange prayers to its god.
The gnoll shaman is healed somewhat.
You hit the gnoll shaman but do no damage.
The gnoll shaman is severely wounded.
You feel the effects of Trog's Hand fading.
The gnoll shaman hits you with a +0 club!
* * * LOW HITPOINT WARNING * * *
The gnoll hits you from afar with a +0 spear.
* * * LOW HITPOINT WARNING * * *
You hit the gnoll shaman but do no damage.
The gnoll shaman is severely wounded.
The gnoll throws a stone.
The stone hits you but does no damage.
The gnoll shaman prays to its god.
The gnoll shaman is healed somewhat.
The gnoll shaman calls down the wrath of its god upon you.
You resist with almost no effort.
The gnoll throws a stone.
The stone closely misses you.
Your skin stops crawling.
You feel less strong-willed.
The gnoll shaman calls upon its god to speed up the gnoll.
The gnoll seems to speed up.
The gnoll shaman calls upon its god to speed up the gnoll.
The gnoll seems to speed up.
The gnoll hits you but does no damage.
The gnoll throws a stone.
The stone closely misses you.
The gnoll throws a stone.
The stone misses you.
There is a stone staircase leading down here.
The gnoll barely misses you.
You climb downwards.
The hornet buzzes angrily.
Found a stone staircase leading down.
There is a stone staircase leading up here.
Are you sure you want to abandon this character and quit the game? (Confirm with "yes".)

.......#
......####
........##
#........#
#........##
##.........#
#..........#
#..@.......
#........s.
#..........
##..y......
#.........
#.........
#.........
#.>.......


You could see a hornet and a scorpion.

Vanquished Creatures
  2 hounds (D:4)
  Terence (D:2)
  Jessica (D:2)
  5 adders
  4 worms (D:2)
  5 dart slugs
  5 orcs (D:3)
  3 ball pythons
  A bat (D:2)
  6 endoplasms
  A giant cockroach (D:1)
  6 goblins
  3 hobgoblins
  6 jackals
  8 kobolds
  4 quokkas
  5 frilled lizards
  7 rats
73 creatures vanquished.

Notes
Turn   | Place    | Note
-------+----------+-------------------------------------------
     0 | D:1      | AtlasWard the Minotaur Berserker began the quest for the
                  | Orb.
     0 | D:1      | Reached XP level 1. HP: 19/19 MP: 0/0
    32 | D:1      | Upgraded the game from 0.29-a0-495-g17b79114eb to
                  | 0.29-a0-506-ga2e7fffb44
   195 | D:1      | Reached skill level 4 in Long Blades
   199 | D:1      | Reached XP level 2. HP: 22/27 MP: 1/1
   895 | D:1      | Reached XP level 3. HP: 33/33 MP: 2/2
  1211 | D:2      | Reached ** piety under Trog
  1317 | D:2      | Found a basalt altar of Yredelemnul.
  1320 | D:2      | Noticed Terence
  1327 | D:2      | Killed Terence
  1328 | D:2      | Reached skill level 5 in Long Blades
  1328 | D:2      | Reached XP level 4. HP: 41/41 MP: 3/3
  1403 | D:2      | Found a faded altar of an unknown god.
  1447 | D:2      | Noticed Jessica
  1454 | D:2      | Killed Jessica
  1887 | D:3      | Reached XP level 5. HP: 46/47 MP: 4/4
  2488 | D:4      | Reached skill level 5 in Fighting
  2488 | D:4      | Reached skill level 6 in Long Blades
  2766 | D:5      | Entered Level 5 of the Dungeon
  2766 | D:5      | Noticed a hornet
  2767 | D:5      | Quit the game

Illustrated notes

Levels and vault maps discovered:
D:1:      minmay_arrival_stone_box, layout_basic, chequers_serial_rivers_small_b
D:2:      layout_basic, basic_altar, nicolae_ecumenical_oubliette,
          chequers_serial_rivers_large_b, minmay_tripent, uniq_terence,
          uniq_jessica
D:3:      layout_basic
D:4:      layout_loops_ring, lemuel_crystal_altar
D:5:      layout_cave_pods, minmay_temple_entry_antechambers, serial_shops,
          shop, chequers_mini_garden

Skill      XL: |  1  2  3  4  5 |
---------------+----------------+-----
Long Blades    | 4 5 6 |  6.2
Fighting       | 4 5 |  5.0
Dodging        | 3 |  3.8
Armour         | |  2.4

Action                   |  1- 3 |  4- 6 || total
-------------------------+-------+-------++-------
Melee: Falchion          |    72 |   129 ||   201
       Headbutt          |    12 |    20 ||    32
       Punch             |       |     1 ||     1
Invok: Berserk           |     1 |     1 ||     2
       Trog's Hand       |       |     1 ||     1
  Use: Scroll            |       |     1 ||     1
Armor: Animal skin       |     2 |       ||     2
       Ring mail         |     7 |       ||     7
       Scale mail        |     4 |     2 ||     6
       Chain mail        |       |    49 ||    49
Dodge: Dodged            |    37 |    70 ||   107

Table legend: (Time is in decaauts)
 A = Elapsed time spent in this place.
 B = Non-inter-level travel time spent in this place.
 C = Inter-level travel time spent in this place.
 D = Time resting spent in this place.
 E = Time spent auto-exploring this place.
 F = Levels seen in this place.
 G = Mean time per level.
                   A        B        C        D        E       F      G
               +--------+--------+--------+--------+--------+-----+--------+
         Total |   2816 |   2680 |    136 |     43 |   2111 |   5 |  563.2 |
       Dungeon |   2816 |   2680 |    136 |     43 |   2111 |   5 |  563.2 |
               +--------+--------+--------+--------+--------+-----+--------+

Top non-repeatable levels by time:
     D:1: 1134 daAuts
     D:2: 716 daAuts
     D:3: 707 daAuts
     D:4: 256 daAuts
     D:5: 0 daAuts
